 Dungeon Crawl Stone Soup version 0.26.0-16-gc1dbca0489 (webtiles) character file.

Game seed: 17151983458644470877

8705 hatsuma the Carver (level 11, -10/90 HPs)
             Began as a Minotaur Fighter on Jan 20, 2021.
             Was a High Priest of Hepliaklqana.
             Splashed by an orc warrior's acid (13 damage)
             ... on level 10 of the Dungeon.
             The game lasted 01:10:04 (9596 turns).

hatsuma the Carver (Minotaur Fighter)               Turns: 9596, Time: 01:10:05

Health: -10/90     AC: 10    Str: 22    XL:     11   Next: 13%
Magic:  11/11      EV:  8    Int:  5    God:    Hepliaklqana [*****.]
Gold:   874        SH: 11    Dex: 12    Spells: 10/10 levels left

rFire    . . .     SeeInvis .   a - +0 long sword
rCold    . . .     Faith    .   c - +0 kite shield
rNeg     . . .     Spirit   .   P - +0 chain mail
rPois    +         Reflect  .   (helmet restricted)
rElec    .         Harm     .   q - +0 cloak
rCorr    .         Rampage  .   (no gloves)
Will     .....                  y - +0 pair of boots
Stlth    ..........             (no amulet)
HPRegen  0.25/turn              m - ring of poison resistance
MPRegen  0.12/turn              N - ring of flight

@: corroded
A: retaliatory headbutt, reduced essence, horns 2
a: Renounce Religion, Evoke Flight, Recall Ancestor, Ancestor Identity,
Transference, Idealise


You were on level 10 of the Dungeon.
You worshipped Hepliaklqana.
Hepliaklqana was extremely pleased with you.
You visited 1 branch of the dungeon, and saw 10 of its levels.
You also visited: Sewer and Ossuary.

You collected 874 gold pieces.

Inventory:

Hand Weapons
 a - a +0 long sword (weapon)
 M - a +0 dagger of electrocution
Missiles
 u - 35 bolts
Armour
 c - a +0 kite shield (worn)
 q - a +0 cloak (worn)
 y - a +0 pair of boots (worn)
 P - a +0 chain mail (worn)
Jewellery
 m - a ring of poison resistance (left hand)
 o - an uncursed ring of magical power
 N - a ring of flight (right hand)
Wands
 r - a wand of polymorph (12)
 s - a wand of enslavement (9)
 z - a wand of digging (8)
 A - a wand of disintegration (8)
 D - a wand of iceblast (5)
 F - a wand of acid (9)
 K - a wand of random effects (28)
Scrolls
 e - 3 scrolls of amnesia
 g - 5 scrolls of teleportation
 h - a scroll of fog
 n - a scroll of immolation
 t - 3 scrolls of remove curse
 v - 3 scrolls of blinking
 E - a scroll of enchant armour {unknown}
 G - a scroll of vulnerability {unknown}
 J - a scroll of torment {unknown}
 L - a scroll of noise {unknown}
 Q - a scroll of magic mapping {unknown}
Potions
 b - a potion of ambrosia {unknown}
 d - a potion of might
 f - 6 potions of curing
 i - 3 potions of haste
 j - 3 potions of mutation
 k - 2 potions of resistance
 l - a potion of lignification {unknown}
 p - 2 potions of invisibility
 w - 2 potions of brilliance
 x - a potion of heal wounds
 B - a potion of attraction {unknown}
 C - 3 potions of cancellation
 H - 2 potions of flight
 I - 2 potions of magic
 O - a potion of berserk rage


   Skills:
 + Level 10.8 Fighting
 - Level 13.0 Long Blades
 - Level 9.2 Armour
 - Level 3.1 Dodging
 - Level 8.0 Shields
 - Level 2.1 Invocations
 - Level 2.0 Evocations


You had 10 spell levels left.
You didn't know any spells.
Your spell library contained the following spells:

 Spells                   Type           Power        Failure   Level
 Corona                   Hex            0%           100%        1
 Foxfire                  Conj/Fire      0%           100%        1
 Ensorcelled Hibernation  Hex/Ice        0%           100%        2
 Passwall                 Tmut/Erth      0%           100%        2
 Wereblood                Tmut           0%           100%        2
 Confusing Touch          Hex            0%           100%        3
 Conjure Flame            Conj/Fire      0%           100%        3
 Dazzling Flash           Conj/Hex       0%           100%        3
 Gell's Gravitas          Tloc           0%           100%        3
 Inner Flame              Hex/Fire       0%           100%        3
 Spider Form              Tmut/Pois      0%           100%        3
 Tukima's Dance           Hex            0%           100%        3
 Animate Dead             Necr           0%           100%        4
 Petrify                  Tmut/Erth      0%           100%        4
 Sticky Flame             Conj/Fire      0%           100%        4
 Alistair's Intoxication  Tmut/Pois      0%           100%        5
 Bolt of Magma            Conj/Fire/Erth 0%           100%        5
 Fireball                 Conj/Fire      0%           100%        5
 Iskenderun's Battlesphe  Conj           0%           100%        5
 Metabolic Englaciation   Hex/Ice        0%           100%        5
 Yara's Violent Unravell  Hex/Tmut       0%           100%        5
 Iron Shot                Conj/Erth      0%           100%        6
 Orb of Destruction       Conj           0%           100%        7
 Spellforged Servitor     Conj/Summ      0%           100%        7


Dungeon Overview and Level Annotations

Branches:
Dungeon (10/15)            Temple (0/1) D:5           Sewer (visited)
Ossuary (visited)
   Lair: D:8-11         Orc: D:9-12

Altars:
Ashenzari
Dithmenos
Fedhas
Gozag
Hepliaklqana
Makhleb
Nemelex Xobeh
Okawaru
Qazlal
Ru
Trog
Uskayaw
Wu Jian

Shops:
D:8 *


Innate Abilities, Weirdness & Mutations

You reflexively headbutt those who attack you in melee.
You have a pair of horns on your head.
Your life essence is reduced to manifest your ancestor. (-10% HP)


Message History

You headbutt the orc warrior, but do no damage.
The orc warrior is lightly wounded.
You barely miss the orc warrior. You headbutt the orc warrior.
The orc warrior is moderately wounded.
The orc warrior zaps a wand.
The bolt of acid hits you!
You are splashed with acid!
Your chain mail prevents you from hitting the orc warrior.
The orc warrior is moderately wounded.
Lil Buddy casts a spell at the orc warrior.
The orc warrior resists with some effort.
The orc warrior zaps a wand.
The bolt of acid hits you!
* * * LOW HITPOINT WARNING * * *
You are splashed with acid!
* * * LOW HITPOINT WARNING * * *
You feel much better.
Lil Buddy completely misses the orc warrior.
The orc warrior zaps a wand.
The bolt of acid hits you!
* * * LOW HITPOINT WARNING * * *
The acid corrodes you!
You are splashed with acid!
You die...

.. .## ..# #.#
###.###### #........#
####### #####........#
..<<..###.......@o...#
......'...###...R....#
########### #....(...#
#.(......# #........#
#........# .........#
####.######


You could see the friendly Lil Buddy the hexer and an orc warrior.

Vanquished Creatures
  Harold (D:7)
  Pikel (D:5)
  Grinder (D:6)
  A wraith (D:10)
  4 yaks (D:9)
  Duvessa (D:6)
  2 orc warriors
  2 sky beasts (D:9)
  A black bear (D:8)
  An eye of draining (D:9)
  A centaur (D:9)
  4 ogres
  A big kobold (D:7)
  4 bullfrogs
  7 scorpions
  16 killer bees
  8 wights (D:7)
  2 howler monkeys (D:9)
  A quasit (D:6)
  A bullfrog zombie (D:9)
  3 hounds
  3 jellies
  An orc priest (D:3)
  3 centaur skeletons
  5 orc wizards
  Ijyb (D:2)
  A bullfrog skeleton (D:9)
  An iguana (D:8)
  11 worker ants
  A big kobold zombie (Ossuary)
  A hound zombie (D:7)
  A hound skeleton (D:4)
  8 mummies (Ossuary)
  A howler monkey zombie (D:9)
  A worker ant zombie (D:8)
  14 adders
  3 gnolls (D:3)
  2 shadow imps
  A white imp (D:9)
  2 ufetubi
  5 oozes (Sewer)
  An adder skeleton (D:8)
  2 worms (D:2)
  2 dart slugs (D:1)
  8 leopard geckos
  19 orcs
  10 bats
  16 giant cockroaches
  13 goblins
  6 hobgoblins
  6 jackals
  10 kobolds
  8 quokkas
  6 ball pythons (Sewer)
  8 frilled lizards
  A giant cockroach zombie (D:6)
  4 hobgoblin zombies (Ossuary)
  A kobold zombie (Ossuary)
  An orc zombie (Ossuary)
  A quokka skeleton (D:4)
  9 rats
261 creatures vanquished.

Vanquished Creatures (collateral kills)
  A two-headed ogre (D:8)
  An unseen horror (D:10)
  A yak (D:9)
  A steam dragon (D:7)
  A sky beast (D:9)
  2 orc warriors (D:9)
  A big kobold (D:8)
  Blork the orc (D:6)
  Dowan (D:6)
  A scorpion (D:4)
  4 killer bees (D:8)
  A wight (D:7)
  A quasit (D:7)
  2 orc wizards (D:7)
  An orc priest (D:9)
  2 iguanas
  2 worker ants
  3 adders
  A gnoll (D:5)
  2 white imps
  6 oozes
  A worm (D:5)
  A dart slug (D:2)
  7 leopard geckos
  2 orcs
  3 ball pythons (Sewer)
  5 giant cockroaches
  2 goblins
  A jackal (D:4)
  A quokka (D:9)
  6 frilled lizards
  A hobgoblin zombie (Ossuary)
  2 kobolds
  A quokka skeleton (D:9)
  A rat (D:3)
70 creatures vanquished.

Vanquished Creatures (others)
  4 hexers
  An ancestor (D:2)
5 creatures vanquished.

Grand Total: 336 creatures vanquished

Notes
Turn   | Place    | Note
-------+----------+-------------------------------------------
     0 | D:1      | hatsuma the Minotaur Fighter began the quest for the Orb.
     0 | D:1      | Reached XP level 1. HP: 19/19 MP: 0/0
    47 | D:1      | Reached skill level 3 in Long Blades
   142 | D:1      | Reached XP level 2. HP: 26/26 MP: 1/1
   455 | D:1      | Reached skill level 4 in Long Blades
   479 | D:1      | Reached skill level 1 in Dodging
   591 | D:2      | Reached XP level 3. HP: 31/31 MP: 2/2
   835 | D:2      | Found a faded altar of an unknown god.
   843 | D:2      | Became a worshipper of Hepliaklqana the Forgotten
   843 | D:2      | Reached * piety under Hepliaklqana
   922 | D:2      | Noticed Ijyb
   929 | D:2      | Reached skill level 5 in Long Blades
   945 | D:2      | Reached XP level 4. HP: 17/35 MP: 3/3
   953 | D:2      | Killed Ijyb
  1263 | D:3      | Reached skill level 6 in Long Blades
  1404 | D:3      | Reached XP level 5. HP: 40/40 MP: 4/4
  1435 | D:3      | Reached skill level 1 in Evocations
  1558 | D:3      | Reached skill level 5 in Fighting
  1678 | D:3      | Reached XP level 6. HP: 50/50 MP: 5/5
  1791 | D:3      | Reached ** piety under Hepliaklqana
  1796 | D:3      | Remembered your ancestor Lil Buddy as a hexer
  1864 | D:3      | Found an opulent altar of Gozag.
  1865 | D:3      | Found an ornate altar of the Wu Jian Council.
  1915 | D:4      | Found a sacrificial altar of Ru.
  1917 | D:4      | Found a hide-covered altar of Uskayaw.
  1919 | D:4      | Found a blossoming altar of Fedhas.
  1920 | D:4      | Found a sparkling altar of Nemelex Xobeh.
  2015 | D:4      | Found a broken altar of Ashenzari.
  2161 | D:4      | Reached skill level 7 in Long Blades
  2276 | D:4      | Reached XP level 7. HP: 34/56 MP: 6/6
  2871 | D:5      | Entered Level 5 of the Dungeon
  2985 | D:5      | Found a stormy altar of Qazlal.
  3010 | D:5      | Found a staircase to the Ecumenical Temple.
  3087 | D:5      | Found a glowing drain.
  3099 | Sewer    | Entered a sewer
  3213 | Sewer    | Reached skill level 8 in Long Blades
  3349 | Sewer    | Reached XP level 8. HP: 26/65 MP: 7/7
  3548 | Sewer    | Identified the Guide on Doomed Moulding
  3629 | D:5      | Reached skill level 9 in Long Blades
  3811 | D:5      | Found a bloodstained altar of Trog.
  3812 | D:5      | Found an iron altar of Okawaru.
  3901 | D:5      | Reached *** piety under Hepliaklqana
  4315 | D:6      | Noticed Pikel
  4317 | D:6      | Noticed Dowan
  4345 | D:6      | Reached skill level 5 in Armour
  4356 | D:6      | Noticed Grinder
  4358 | D:6      | Paralysed by Grinder for 5 turns
  4718 | D:5      | Killed Pikel
  4849 | D:6      | Noticed Duvessa
  4867 | D:6      | Killed Duvessa
  4868 | D:6      | Reached skill level 1 in Invocations
  4868 | D:6      | Reached XP level 9. HP: 68/72 MP: 9/9
  4868 | D:6      | Paralysed by Grinder for 6 turns
  4877 | D:6      | Found a sparkling altar of Nemelex Xobeh.
  4891 | D:6      | Killed Grinder
  4901 | D:6      | Killed Dowan
  5204 | D:6      | Noticed Blork the orc
  5216 | D:6      | Killed Blork the orc
  5347 | D:7      | Noticed Harold
  5548 | D:7      | Killed Harold
  5549 | D:7      | Reached skill level 11 in Long Blades
  5672 | D:7      | Reached skill level 12 in Long Blades
  5746 | D:7      | Found a sand-covered staircase.
  5755 | Ossuary  | Entered an ossuary
  6319 | D:7      | Reached XP level 10. HP: 81/81 MP: 10/10
  6331 | D:7      | Found a shadowy altar of Dithmenos.
  6822 | D:8      | Found Yzyroodwo's Assorted Antiques.
  6830 | D:8      | Reached skill level 10 in Fighting
  6916 | D:8      | Found a burning altar of Makhleb.
  7196 | D:8      | Found an opulent altar of Gozag.
  7224 | D:8      | Noticed a two-headed ogre
  7225 | D:8      | Reached **** piety under Hepliaklqana
  7232 | D:8      | Killed a two-headed ogre
  8152 | D:9      | Reached skill level 13 in Long Blades
  8727 | D:9      | Reached ***** piety under Hepliaklqana
  9156 | D:9      | Reached XP level 11. HP: 89/89 MP: 11/11
  9363 | D:10     | Entered Level 10 of the Dungeon
  9409 | D:10     | Killed an unseen horror
  9595 | D:10     | HP: 3/90 [acid (13)]
  9596 | D:10     | Splashed by an orc warrior's acid

Illustrated notes

Levels and vault maps discovered:
D:1:      dpeg_arrival_windows_large_door, layout_rooms,
          chequers_serial_rivers_small_b, minmay_close_crescents
D:2:      kennysheep_the_goblin_king, layout_basic,
          chequers_ecumenical_altar_twisty
D:3:      layout_rooms, gammafunk_temple_overflow_statue, lemuel_another_geyser
D:4:      layout_basic, grunt_temple_overflow_open, minmay_stone_trees_small
D:5:      layout_layer_cave, grunt_temple_overflow_bloody_war,
          minmay_temple_entry_mist, cheibrodos_sewer_entry_bend,
          nicolae_qazlal_general_emergency
D:6:      layout_rooms, nemelex_xobeh_ov_fountains_minmay, uniq_duvessa,
          uniq_blork_the_orc, uniq_pikel, uniq_grinder
D:7:      layout_basic, enter_ossuary_3, grunt_dithmenos_smoke_and_mirrors,
          uniq_harold
D:8:      layout_loops_cross, lemuel_doored_altar, basic_altar, serial_shops,
          nicolae_shop_stone, hangedman_decor_points
D:9:      layout_layer_cave, kennysheep_generic_room_16
D:10:     layout_roguey, lair_entry_dummy, zombieorc1_lemuel, basic_altar,
          serial_shops, shop, uniq_joseph

Skill      XL: |  1  2  3  4  5  6  7  8  9 10 |
---------------+-------------------------------+-----
Long Blades    | 3 4 5 6 7 8 9 12 13 | 13.0
Dodging        | 1 2 3 |  3.1
Evocations     | 1 2 |  2.0
Fighting       | 5 6 7 8 9 10 | 10.8
Armour         | 4 5 6 9 |  9.2
Shields        | 4 7 8 |  8.0
Invocations    | 1 2 |  2.1

Action                   |  1- 3 |  4- 6 |  7- 9 | 10-12 || total
-------------------------+-------+-------+-------+-------++-------
Melee: Long sword        |    98 |   100 |   355 |   282 ||   835
       Headbutt          |    13 |    18 |    67 |    75 ||   173
       Unarmed           |     8 |     7 |       |       ||    15
Invok: Ancestor Identity |     1 |       |       |       ||     1
       Ancestor Life: He |       |     1 |       |       ||     1
       Recall Ancestor   |       |       |       |     1 ||     1
  Use: Scroll            |     3 |     4 |     4 |     6 ||    17
       Potion            |       |       |       |     1 ||     1
 Stab: Confused          |       |     3 |     3 |     2 ||     8
       Distracted        |       |       |     4 |     2 ||     6
Armor: Scale mail        |    50 |    35 |   127 |    61 ||   273
       Chain mail        |       |       |       |    26 ||    26
Dodge: Dodged            |    58 |    35 |    89 |    77 ||   259
Block: Kite shield       |    58 |    46 |   157 |   133 ||   394
       Rpst.: Long sword |    10 |    11 |    27 |    22 ||    70
